 Dungeon Crawl Stone Soup version 0.32-a0-913-g739538afd8 (webtiles) character file.

Game seed: 18024363154523667394

142809 Mgcat the Executioner (level 17, -5/148 HPs)
             Began as a Coglin Berserker on Apr 9, 2024.
             Was a High Priest of Trog.
             Slain by a merfolk impaler
             ... wielding a +1 trident of protection
              (9 damage)
             ... on level 2 of the Shoals.
             The game lasted 00:47:59 (26157 turns).

Mgcat the Executioner (Coglin Berserker)           Turns: 26157, Time: 00:48:00

Health: -5/148     AC: 30    Str: 27    XL:     17   Next: 36%
Magic:  5/5        EV:  5    Int:  7    God:    Trog [*****.]
Gold:   1097       SH:  0    Dex: 18    Spells: 16/16 levels left

rFire   + . .        Q - +7 broad axe of Rillop {antimagic, *Noise rElec Str+3 Dex+3}
rCold   + . .        L - +16 obsidian axe {drain, demonic, Mesm ^Drain Fly SInv}
rNeg    . . .        r - +4 chain mail {rF+}
rPois   +            j - +1 helmet
rElec   +            s - +1 cloak {Will+}
rCorr   +            N - +3 pair of gloves of Defiance {rPois rC+ Slay+2}
SInv    +            M - +2 pair of boots {Fly}
Will    ++...        (amulet unavailable) Stlth
                     (ring unavailable)
HPRegen 0.44/turn    (ring unavailable)
MPRegen 0.09/turn    q - gyroablative inducer {RevParry, rElec rPois rCorr}

%: no passive effects
@: about to teleport, on berserk cooldown, flying, mesmerised, held, revved
A: off-hand wielding, slow wielding, warmup strikes, no jewellery
a: Renounce Religion, Berserk, Trog's Hand, Brothers in Arms


You were on level 2 of the Shoals.
You worshipped Trog.
Trog was extremely pleased with you.
You visited 4 branches of the dungeon, and saw 24 of its levels.
You visited 1 bazaar.
You also visited: Sewer, Gauntlet and Ice Cave.

You collected 2421 gold pieces.
You spent 1324 gold pieces at shops.

Inventory:

Hand Weapons
 a - a +4 antimagic broad axe {Agam}
   (Trog gifted it to you in a Gauntlet)
 L - the +16 obsidian axe (offhand) {drain, demonic, Mesm ^Drain Fly SInv}
   (You acquired it on level 3 of the Lair of Beasts)

   Mesm:      Its wielder is mesmerised by any visible foes, and it cannot be
   unequipped while any foes are visible.
   SInv:      It lets you see invisible.
   Fly:       It grants you flight.
   ^Drain:    It drains your maximum health when unequipped.
 Q - the +7 broad axe of Rillop (weapon) {antimagic, *Noise rElec Str+3 Dex+3}
   (Trog gifted it to you on level 14 of the Dungeon)

   Str+3:     It affects your strength (+3).
   Dex+3:     It affects your dexterity (+3).
   rElec:     It insulates you from electricity.
   *Noise:    It may make a loud noise when swung.
Missiles
 B - 3 curare-tipped darts
 S - a throwing net {=f, !d}
Armour
 j - a +1 helmet (worn)
   (You found it on level 9 of the Dungeon)
 r - a +4 chain mail of fire resistance (worn)
   (You took it off an orc warlord on level 1 of the Orcish Mines)
 s - a +1 cloak of willpower (worn)
   (You bought it in a shop in a bazaar)
 M - a +2 pair of boots of flying (worn)
   (You found it in a Gauntlet)
 N - the +3 pair of gloves of Defiance (worn) {rPois rC+ Slay+2}
   (You acquired it on level 4 of the Lair of Beasts)

   Slay+2:    It affects your accuracy & damage with ranged weapons and melee
   (+2).
   rC+:       It protects you from cold.
   rPois:     It protects you from poison.
Gizmo
 q - a gyroablative inducer (installed) {RevParry, rElec rPois rCorr}
   (You invented it yourself on level 3 of the Lair of Beasts)

   [gyroablative inducer]

   RevParry:  Your AC increases as you Rev (up to +5) and while fully Revved,
   your attacks may disarm enemies.
   rElec:     It insulates you from electricity.
   rPois:     It protects you from poison.
   rCorr:     It protects you from acid and corrosion.
Talismans
 z - a serpent talisman
   (You found it on level 3 of the Lair of Beasts)
 T - a serpent talisman
   (You found it on level 1 of the Shoals)
Wands
 d - a wand of charming (32)
   (You took it off Pikel on level 4 of the Dungeon)
 k - a wand of polymorph (8)
   (You found it on level 1 of the Lair of Beasts)
 E - a wand of quicksilver (10)
   (You found it on level 13 of the Dungeon)
 I - a wand of mindburst (17)
   (You found it on level 8 of the Dungeon)
 J - a wand of flame (64)
   (You found it on level 8 of the Dungeon)
 R - a wand of digging (2)
   (You found it on level 1 of the Shoals)
Scrolls
 c - 3 scrolls of torment {!r}
 f - 4 scrolls of silence
 h - 2 scrolls of vulnerability {!r!r}
 m - 9 scrolls of identify
 o - 6 scrolls of teleportation
 t - 4 scrolls of noise {!r}
 u - 4 scrolls of amnesia
 v - 7 scrolls of poison {!r}
 y - 4 scrolls of fear
 D - 2 scrolls of blinking {!r}
 F - 3 scrolls of immolation {!r}
 G - 6 scrolls of fog
Potions
 b - 4 potions of degeneration {!q}
 e - 11 potions of curing
 g - 5 potions of might
 i - a potion of attraction {!q}
 l - 2 potions of lignification {!q}
 n - 5 potions of enlightenment
 p - 3 potions of magic
 A - 3 potions of haste
 H - a potion of berserk rage {unknown}
 K - 5 potions of resistance
 P - a potion of mutation {unknown}
Miscellaneous
 x - a phantom mirror
   (You found it on level 12 of the Dungeon)
 O - a box of beasts
   (You found it on level 13 of the Dungeon)


   Skills:
 + Level 17.5 Fighting
 * Level 23.5 Axes
 + Level 5.1 Armour
 + Level 5.0 Dodging
 + Level 6.5 Evocations


You had 16 spell levels left.
You didn't know any spells.
Your spell library was empty.

Dungeon Overview and Level Annotations

Branches:
Dungeon (15/15)            Temple (0/1) D:6            Lair (5/5) D:8
 Shoals (2/4) Lair:2       Spider (0/4) Lair:2        Slime (0/5) Lair:5
    Orc (2/2) D:12            Elf (0/3) Orc:2        Vaults (0/5) D:13
 Depths (0/4) D:15          Sewer (visited)           IceCv (visited)
Gauntlet (visited)

Altars:
Cheibriados
Dithmenos
Elyvilon
Wu Jian
Yredelemnul
Zin
Beogh

Shops:
D:3 ?   D:4 (   Orc:1 *   Orc:2 (*((:[   Shoals:1 *

Annotations:
D:11 2 runed translucent doors, Uttufod's ghost, journeyman GrHu
Lair:4 2 transporters, BorgnjorsVileCrotch's ghost, journeyman FeSh


Innate Abilities, Weirdness & Mutations

You can wield a second weapon in your off-hand.
It takes a long time for you to wield or remove held weapons.
Your first few attacks do less damage.
You cannot equip rings or amulets.


Message History

Your Dodging skill increases to level 5!
Visions of slaying the merfolk impaler flood into your mind.
The merfolk siren chants a haunting song.
You resist.
The merfolk impaler hits you but does no damage.
The merfolk hits you but does no damage.
The merfolk hits you from afar with a +0 glaive!
* * * LOW HITPOINT WARNING * * *
The merfolk hits you but does no damage.
Things that are here:
a +0 trident; a merfolk corpse You take 8 damage, and have 39/148 hp.
You miss the merfolk impaler with the +7 broad axe of Rillop.
You slash the merfolk siren with the +7 broad axe of Rillop!
The merfolk siren's magic leaks into the air.
You closely miss the merfolk impaler with the +16 obsidian axe.
You slash the merfolk siren with the +16 obsidian axe!
You drain the merfolk siren. The merfolk impaler closely misses you.
The merfolk siren falters for a moment.
Your smoke demon barely misses the merfolk siren.
Your smoke demon hits the merfolk siren but does no damage.
Your smoke demon hits the merfolk siren.
The merfolk misses you. The merfolk impaler closely misses you.
Okay, then.
Unknown command.
As you read the scroll of teleportation, it crumbles to dust.
You feel strangely unstable.
The merfolk hits you but does no damage.
The merfolk hits you from afar with a +0 trident!
* * * LOW HITPOINT WARNING * * *
The merfolk siren chants a haunting song.
You easily resist.
Your smoke demon gestures at the merfolk siren.
The merfolk siren is smitten.
The merfolk impaler hits you but does no damage.
The merfolk hits you but does no damage.
You take 10 damage, and have 29/148 hp.
Unknown command.
Unknown command.
Unknown command.
Unknown command.
Unknown command.
Unknown command.
Unknown command.
Unknown command.
Unknown command.
Unknown command.
Unknown command.
You barely miss the merfolk impaler with the +7 broad axe of Rillop.
You slice the merfolk siren with the +7 broad axe of Rillop!!
You kill the merfolk siren!
Trog accepts your kill.
Trog appreciates your killing of a magic user.
You slash the merfolk impaler with the +16 obsidian axe!
The merfolk hits you but does no damage.
The merfolk closely misses you.
The merfolk impaler hits you with a +1 trident of protection!
* * * LOW HITPOINT WARNING * * *
The merfolk siren chants a haunting song.
You resist with some effort.
Your smoke demon barely misses the merfolk impaler.
Your smoke demon hits the merfolk impaler.
Your smoke demon barely misses the merfolk impaler.
You take 8 damage, and have 21/148 hp.
Unknown command.
Unknown command.
Unknown command.
Unknown command.
Unknown command.
Unknown command.
Unknown command.
You feel much better. The merfolk impaler closely misses you.
The merfolk throws a boomerang.
The boomerang hits you but does no damage.
The merfolk throws a throwing net.
The throwing net hits you.
You become entangled in the net!
You hear a splash.
The snapping turtle bites you but does no damage.
The merfolk barely misses you.
The merfolk hits you but does no damage.
The merfolk impaler hits you with a +1 trident of protection!
* * * LOW HITPOINT WARNING * * *
You regained 14 hp, and now have 35/148 hp.
You feel better.
The merfolk throws a boomerang.
The boomerang hits you!
* * * LOW HITPOINT WARNING * * *
The merfolk hits you but does no damage.
The merfolk impaler hits you with a +1 trident of protection!!
* * * LOW HITPOINT WARNING * * *
The merfolk hits you but does no damage.
The merfolk hits you from afar with a +0 trident.
* * * LOW HITPOINT WARNING * * *
The snapping turtle bites you from afar.
* * * LOW HITPOINT WARNING * * *
Your smoke demon misses the merfolk impaler.
Your smoke demon hits the merfolk impaler but does no damage.
Your smoke demon barely misses the merfolk impaler.
Your smoke demon hits the merfolk impaler but does no damage.
Your smoke demon hits the merfolk impaler. x2
The merfolk impaler hits you with a +1 trident of protection!
You die...

.~~~~~≈≈≈≈≈≈≈≈≈≈
.~~~~~~~≈≈≈≈≈≈≈≈≈
..~...~~≈≈≈≈≈≈≈≈≈
.....~~~≈≈≈≈≈≈≈≈
..... !..~~~≈≈≈≈≈≈≈≈
.k..~. #..~~≈≈≈≈≈≈≈≈
..... #.)~≈≈≈≈≈≈≈≈
#... #.)~≈≈≈≈≈≈≈≈
#...###)@3≈≈≈≈≈≈≈≈
#.<..mm.~m3≈≈≈≈≈≈≈
##.~~.mmmt~≈≈≈≈≈≈≈
#..~~~†cm~~≈≈≈≈≈≈≈
###.~~.....~~≈≈≈≈≈≈≈
#.....<....~~≈≈≈≈≈≈≈
#.......##..~~~≈≈≈≈≈≈
.........##.~~~≈≈≈≈≈≈
....~(.... ..~~≈≈≈


You could see a merfolk impaler (mesmerising, ally target), a snapping turtle, 5
merfolk, a faun, a merfolk siren and 2 friendly smoke demons.

Vanquished Creatures
  A kraken (Shoals:2)
  A frost giant (IceCv)
  Louise (Shoals:1)
  2 orc warlords
  A dire elephant (D:15)
  Azrael (D:12)
  A minotaur (Gauntlet)
  2 ettins (D:12)
  Josephine (D:14)
  An entropy weaver (shapeshifter) (D:13)
  Erolcha (Orc:2)
  8 centaur warriors
  An ogre mage (D:13)
  A merfolk avatar (Shoals:2)
  8 hydras
  A catoblepas (D:15)
  3 boulder beetles
  2 alligator snapping turtles
  9 two-headed ogres
  A tengu warrior (D:12)
  15 death yaks
  An orc high priest (Orc:2)
  A fire crab (D:13)
  3 skysharks
  4 skeletal warriors (D:13)
  A mana viper (shapeshifter) (D:13)
  An obsidian statue (Orc:2)
  7 orc knights
  2 lindwurms (Lair:5)
  Pikel (D:4)
  2 lightning spires (Gauntlet)
  5 deep elf pyromancers
  13 manticores
  A salamander (D:15)
  4 orc sorcerers
  3 oklob plants
  16 ugly things
  4 fauns (Shoals:1)
  9 cyclopes
  24 elephants
  4 merfolk sirens
  3 meliai (D:13)
  2 water nymphs (Shoals:1)
  7 black mambas
  An ice statue (IceCv)
  3 torpor snails
  A minotaur zombie (Gauntlet)
  3 gargoyles
  12 cane toads
  3 kobold demonologists (D:13)
  9 komodo dragons
  11 rime drakes
  An unseen horror (D:10)
  An efreet (D:14)
  2 ice devils (D:11)
  A freezing wraith (D:13)
  A tengu conjurer (D:14)
  5 merfolk
  A wolf spider simulacrum (D:15)
  10 trolls
  A queen bee (shapeshifter) (D:12)
  3 wind drakes (Shoals:2)
  11 blink frogs
  8 polar bears
  2 raiju (Gauntlet)
  13 dream sheep
  Grinder (D:4)
  3 snapping turtles (Shoals:1)
  Sigmund (D:4)
  20 slime creatures
  A centaur simulacrum (D:15)
  2 shadows (D:12)
  6 wraiths
  4 wyverns
  2 vampires
  12 basilisks
  A fire bat (shapeshifter) (D:14)
  34 yaks
  Grum (D:8)
  3 fire elementals (D:12)
  3 steam dragons
  2 vampire mosquitoes (D:12)
  A neqoxec (Gauntlet)
  9 wargs
  2 chaos spawn (Gauntlet)
  2 acid dragons
  14 water moccasins
  3 hell hounds (D:12)
  6 black bears
  20 orc warriors
  3 ice beasts
  3 laughing skulls
  A black bear (shapeshifter) (D:14)
  4 sky beasts
  27 wolves
  A boggart (D:13)
  7 ogres
  4 lemures
  14 centaurs
  4 kobold brigands
  11 bullfrogs
  2 gnoll sergeants
  5 scorpions
  19 wights
  14 killer bees
  7 howler monkeys
  2 bombardier beetles (D:5)
  A gnoll bouda (D:7)
  10 orc priests
  6 hounds
  4 jellies
  A sleepcap (D:6)
  3 iguanas
  16 orc wizards
  4 hell rats (Lair:1)
  17 gnolls
  A river rat (Sewer)
  9 adders
  A shadow imp (D:6)
  3 white imps
  4 ufetubi (D:5)
  2 ribbon worms (D:2)
  A dart slug (D:2)
  48 orcs
  5 endoplasms
  4 giant cockroaches
  4 goblins
  4 hobgoblins
  3 jackals
  15 kobolds
  2 quokkas
  6 ball pythons
  4 bats
  3 frilled lizards (D:4)
  5 rats
  7 tentacles (Shoals:2)
757 creatures vanquished.

Vanquished Creatures (collateral kills)
  A centaur warrior (D:13)
  A boulder beetle (D:14)
  2 deep elf pyromancers (D:14)
  2 cyclopes (D:12)
  A manticore (D:14)
  A kobold blastminer (Orc:1)
  An elephant (Lair:5)
  A slime creature (D:12)
  A wraith (D:14)
  A basilisk (Lair:5)
  A yak (Lair:5)
  A vampire mosquito (D:12)
  2 orc warriors (Orc:2)
  2 orc priests (Orc:2)
  3 orc wizards
  4 orcs
25 creatures vanquished.

Vanquished Creatures (others)
  A tentacle (Shoals:2)
1 creature vanquished.

Grand Total: 783 creatures vanquished

Notes
Turn   | Place    | Note
-------+----------+-------------------------------------------
     0 | D:1      | Mgcat the Coglin Berserker began the quest for the Orb.
     0 | D:1      | Reached XP level 1. HP: 18/18 MP: 1/1
   315 | D:1      | Reached XP level 2. HP: 18/24 MP: 2/2
   885 | D:2      | Reached XP level 3. HP: 29/29 MP: 3/3
   953 | D:2      | Reached skill level 4 in Axes
  1040 | D:2      | Reached XP level 4. HP: 36/37 MP: 4/4
  1059 | D:2      | Reached ** piety under Trog
  1796 | D:3      | Found Axaxel's Magic Scroll Shoppe.
  1933 | D:3      | Bought a scroll of brand weapon for 114 gold pieces
  1933 | D:3      | Bought a scroll of identify for 24 gold pieces
  1933 | D:3      | Bought a scroll of noise for 12 gold pieces
  2113 | D:4      | Noticed a lemure
  2114 | D:4      | Noticed a lemure
  2121 | D:4      | Killed a lemure
  2122 | D:4      | Noticed a lemure
  2122 | D:4      | Noticed a lemure
  2124 | D:4      | Killed a lemure
  2124 | D:4      | Noticed Pikel
  2190 | D:3      | Killed a lemure
  2192 | D:3      | Killed a lemure
  2235 | D:4      | HP: 9/37 [Pikel/+1 whip of flaming (9)]
  2245 | D:4      | HP: 12/55 [Pikel/+1 whip of flaming (3)]
  2252 | D:4      | Killed Pikel
  2253 | D:4      | Reached skill level 5 in Fighting
  2253 | D:4      | Reached skill level 6 in Axes
  2253 | D:4      | Reached XP level 5. HP: 17/44 MP: 5/5
  2253 | D:4      | Reached XP level 6. HP: 20/51 MP: 6/6
  2253 | D:4      | Reached XP level 7. HP: 22/56 MP: 7/7
  2288 | D:4      | HP: 13/56 [jelly (3)]
  2288 | D:4      | HP: 4/56 [acid (9)]
  2289 | D:4      | HP: 1/56 [acid (3)]
  2301 | D:4      | Found a glowing drain.
  2463 | D:4      | Reached skill level 7 in Axes
  2526 | Sewer    | Entered a sewer
  2829 | Sewer    | Found a white marble altar of Elyvilon.
  2883 | D:4      | Found Mycer's Weapon Shop.
  3092 | D:4      | Reached skill level 6 in Fighting
  3092 | D:4      | Reached XP level 8. HP: 40/64 MP: 8/8
  3231 | D:4      | Reached skill level 8 in Axes
  3320 | D:4      | Noticed Grinder
  3329 | D:4      | Killed Grinder
  3357 | D:4      | Noticed Sigmund
  3369 | D:4      | Killed Sigmund
  3468 | D:4      | Found a white marble altar of Elyvilon.
  3487 | D:4      | Reached skill level 9 in Axes
  3654 | D:5      | Entered Level 5 of the Dungeon
  3771 | D:5      | Reached skill level 7 in Fighting
  3985 | D:5      | Reached XP level 9. HP: 72/72 MP: 9/9
  4038 | D:5      | Reached *** piety under Trog
  4267 | D:5      | Reached skill level 10 in Axes
  4495 | D:6      | Found a snail-covered altar of Cheibriados.
  4663 | D:6      | Reached skill level 8 in Fighting
  4755 | D:6      | Found a staircase to the Ecumenical Temple.
  4827 | D:6      | Reached skill level 11 in Axes
  4926 | D:6      | Reached XP level 10. HP: 63/79 MP: 10/10
  5286 | D:7      | Reached skill level 9 in Fighting
  5286 | D:7      | Reached skill level 12 in Axes
  5882 | D:7      | Found a shadowy altar of Dithmenos.
  5934 | D:8      | Noticed Grum
  5948 | D:8      | Killed Grum
  5948 | D:8      | Reached **** piety under Trog
  6045 | D:8      | Reached skill level 13 in Axes
  6205 | D:8      | Found a staircase to the Lair.
  6634 | D:9      | Identified the +0 trident of Resourcefulness {spect, Dex+6}
  6744 | D:9      | Reached skill level 10 in Fighting
  7027 | D:9      | Reached XP level 11. HP: 78/90 MP: 11/11
  7535 | D:10     | Entered Level 10 of the Dungeon
  7555 | D:10     | Reached skill level 14 in Axes
  8013 | D:10     | Noticed a two-headed ogre
  8018 | D:10     | Killed a two-headed ogre
  8509 | D:11     | Found a frozen archway.
  8518 | D:11     | Reached skill level 11 in Fighting
  8576 | IceCv    | Entered an ice cave
  8869 | IceCv    | Reached skill level 15 in Axes
  8873 | IceCv    | Noticed a death yak
  8879 | IceCv    | Killed a death yak
  9130 | IceCv    | Noticed a white ugly thing
  9140 | IceCv    | Killed a white ugly thing
  9141 | IceCv    | Reached XP level 12. HP: 100/100 MP: 12/12
  9529 | IceCv    | Noticed a death yak
  9536 | IceCv    | Killed a death yak
  9682 | IceCv    | Noticed a death yak
  9683 | IceCv    | Noticed a death yak
  9689 | IceCv    | Killed a death yak
  9690 | IceCv    | Reached skill level 16 in Axes
  9690 | IceCv    | Killed a death yak
  9691 | IceCv    | Reached skill level 12 in Fighting
  9766 | IceCv    | Noticed a death yak
  9766 | IceCv    | Noticed a frost giant
  9780 | IceCv    | Killed a death yak
  9786 | IceCv    | Killed a frost giant
 10213 | D:11     | Noticed a two-headed ogre
 10220 | D:11     | Killed a two-headed ogre
 10545 | D:11     | Found a large runed translucent door.
 10545 | D:11     | Found a large runed translucent door.
 10547 | D:11     | Noticed Uttufod's ghost (journeyman GrHu)
 10558 | D:11     | Noticed a two-headed ogre
 10564 | D:11     | Killed a two-headed ogre
 10565 | D:11     | Reached skill level 17 in Axes
 10728 | D:11     | Noticed a boulder beetle
 10735 | D:11     | Killed a boulder beetle
 10799 | D:11     | Noticed a two-headed ogre
 10809 | D:11     | Killed a two-headed ogre
 10810 | D:11     | Reached XP level 13. HP: 107/109 MP: 13/13
 11169 | Lair:1   | Entered Level 1 of the Lair of Beasts
 11179 | Lair:1   | Reached skill level 13 in Fighting
 11383 | Lair:1   | HP: 25/111 [wyvern (13)]
 11391 | Lair:1   | HP: 25/111 [blink frog (11)]
 11401 | Lair:1   | HP: 25/111 [elephant (3)]
 11665 | Lair:1   | Reached skill level 18 in Axes
 11723 | Lair:1   | Reached ***** piety under Trog
 12043 | Lair:1   | Identified the +0 ring mail of Cokhlut {rPois rN+}
 12625 | Lair:2   | Found a basalt altar of Yredelemnul.
 12825 | Lair:2   | Found a staircase to the Shoals.
 12831 | Lair:2   | Reached skill level 14 in Fighting
 13261 | Lair:2   | Found a hole to the Spider Nest.
 13693 | Lair:2   | Reached skill level 19 in Axes
 13961 | Lair:3   | Reached XP level 14. HP: 120/120 MP: 14/14
 14010 | Lair:3   | Acquired a gyroablative inducer {RevParry, rElec rPois
                  | rCorr}
 14594 | Lair:3   | Identified a scroll of acquirement
 14595 | Lair:3   | Acquired the +16 obsidian axe {drain, demonic, Mesm ^Drain
                  | Fly SInv}
 14595 | Lair:3   | Found the +16 obsidian axe {drain, demonic, Mesm ^Drain Fly
                  | SInv}
 15371 | Lair:4   | Found a transporter.
 15372 | Lair:4   | Noticed BorgnjorsVileCrotch's ghost (journeyman FeSh)
 15532 | Lair:4   | Acquired the +3 pair of gloves of Defiance {rPois rC+
                  | Slay+2}
 15800 | Lair:4   | Reached skill level 20 in Axes
 15834 | Lair:4   | Found a transporter.
 16180 | Lair:5   | Entered Level 5 of the Lair of Beasts
 16214 | Lair:5   | Reached skill level 15 in Fighting
 16223 | Lair:5   | Found a gate leading to a gauntlet.
 16408 | Gauntlet | Entered a Gauntlet
 16408 | Gauntlet | Found a transporter.
 16408 | Gauntlet | Found a transporter.
 16413 | Gauntlet | Found a transporter.
 16413 | Gauntlet | Found a transporter.
 16420 | Gauntlet | Found a transporter.
 16431 | Gauntlet | Found a transporter.
 16441 | Gauntlet | Found a transporter.
 16441 | Gauntlet | Found a transporter.
 16445 | Gauntlet | Found a transporter.
 16480 | Gauntlet | Found a transporter.
 16487 | Gauntlet | Found a transporter.
 16513 | Gauntlet | Found a transporter.
 16557 | Gauntlet | Found a transporter.
 16573 | Gauntlet | Found a transporter.
 16671 | Gauntlet | Found a transporter.
 16686 | Gauntlet | Found a transporter.
 16780 | Gauntlet | Received a gift from Trog
 17360 | Lair:5   | Reached XP level 15. HP: 120/129 MP: 5/15
 17595 | Lair:5   | Reached skill level 21 in Axes
 18193 | Lair:5   | Found a staircase to the Slime Pits.
 18443 | D:12     | Noticed Azrael
 18456 | D:12     | Killed Azrael
 18577 | D:12     | Reached skill level 16 in Fighting
 18687 | D:12     | Received a gift from Trog
 19582 | D:12     | Found a staircase to the Orcish Mines.
 19598 | Orc:1    | Entered Level 1 of the Orcish Mines
 19726 | Orc:1    | Noticed an orc warlord
 19744 | Orc:1    | Killed an orc warlord
 19745 | Orc:1    | Reached skill level 22 in Axes
 19817 | Orc:1    | Found Peimpic's Practical Paraphernalia.
 20194 | Orc:2    | Entered Level 2 of the Orcish Mines
 20219 | Orc:2    | Found Esesel's Weapon Shop.
 20242 | Orc:2    | Received a gift from Trog
 20327 | Orc:2    | Found a staircase to the Elven Halls.
 20402 | Orc:2    | Found a roughly hewn altar of Beogh.
 20582 | Orc:2    | Noticed an orc warlord
 20588 | Orc:2    | Killed an orc warlord
 20590 | Orc:2    | Noticed Erolcha
 20593 | Orc:2    | Found a roughly hewn altar of Beogh.
 20600 | Orc:2    | Killed Erolcha
 20601 | Orc:2    | Reached XP level 16. HP: 136/139 MP: 5/16
 20601 | Orc:2    | Found Feophoatz's General Store.
 20609 | Orc:2    | Received a gift from Trog
 20619 | Orc:2    | Found Maub's Antique Armour Emporium.
 20819 | Orc:2    | Found Urumol's Antique Weapon Emporium.
 20832 | Orc:2    | Found Vewy's Weapon Shop.
 20974 | Orc:2    | Found Jiynec's Book Emporium.
 21048 | Orc:2    | Bought a runed broad axe for 168 gold pieces
 21201 | Orc:2    | Found a flickering gateway to a bazaar.
 21209 | Bazaar   | Entered a bazaar
 21209 | Bazaar   | Found Tonuqyv's Book Boutique.
 21209 | Bazaar   | Found Ruirow's Antique Weapon Boutique.
 21209 | Bazaar   | Found Wepluof's Jewellery Shop.
 21209 | Bazaar   | Found Geicok's Antique Armour Shop.
 21209 | Bazaar   | Found Hosaf's Armour Boutique.
 21226 | Bazaar   | Bought a +0 cloak of willpower for 126 gold pieces
 21228 | Bazaar   | Bought a shiny plate armour for 416 gold pieces
 21230 | Bazaar   | Bought an iridescent long sword for 212 gold pieces
 21230 | Bazaar   | Identified the +2 long sword of Righteous Anger {flame,
                  | rC++ Int+2 Stlth-} (You bought it in a shop in a bazaar)
 21688 | D:13     | Found a glowing silver altar of Zin.
 21692 | D:13     | Reached skill level 2 in Armour
 21692 | D:13     | Reached skill level 2 in Dodging
 21692 | D:13     | Reached skill level 1 in Evocations
 21773 | D:13     | Reached skill level 2 in Evocations
 21820 | D:13     | Found a gate to the Vaults.
 22304 | D:13     | Reached skill level 17 in Fighting
 22576 | D:13     | Reached skill level 3 in Evocations
 22592 | D:13     | Reached skill level 3 in Armour
 22598 | D:13     | Reached skill level 3 in Dodging
 23095 | D:14     | Reached skill level 4 in Evocations
 23100 | D:14     | Reached skill level 23 in Axes
 23252 | D:14     | Identified the +7 broad axe of Rillop {antimagic, *Noise
                  | rElec Str+3 Dex+3} (Trog gifted it to you on level 14 of
                  | the Dungeon)
 23252 | D:14     | Received a gift from Trog
 23259 | D:14     | Noticed Josephine
 23264 | D:14     | Killed Josephine
 23278 | D:14     | Reached skill level 4 in Armour
 23282 | D:14     | Reached skill level 5 in Evocations
 23288 | D:14     | Reached skill level 4 in Dodging
 23519 | D:14     | Found an ornate altar of the Wu Jian Council.
 23689 | D:15     | Entered Level 15 of the Dungeon
 24003 | D:15     | Reached XP level 17. HP: 147/147 MP: 5/17
 24246 | D:15     | Found a staircase to the Depths.
 24550 | Shoals:1 | Entered Level 1 of the Shoals
 25140 | Shoals:1 | Reached skill level 6 in Evocations
 25275 | Shoals:1 | Noticed Louise
 25280 | Shoals:1 | Received a gift from Trog
 25303 | Shoals:1 | Killed Louise
 25512 | Shoals:1 | Found Utoe's General Store.
 25710 | Shoals:1 | Bought a wand of quicksilver (3) for 252 gold pieces
 26121 | Shoals:2 | Noticed a kraken
 26139 | Shoals:2 | Killed a kraken
 26140 | Shoals:2 | Reached skill level 5 in Armour
 26152 | Shoals:2 | Reached skill level 5 in Dodging
 26154 | Shoals:2 | HP: 29/148 [merfolk/+0 trident (11)]
 26157 | Shoals:2 | HP: 10/148 [merfolk/+0 trident (5)]
 26157 | Shoals:2 | HP: 4/148 [snapping turtle (6)]
 26157 | Shoals:2 | Slain by a merfolk impaler

Illustrated notes

Levels and vault maps discovered:
D:1:      lemuel_arrival_tunnels, layout_basic
D:2:      layout_loops_cross, st_stairs_14,
          nicolae_concentric_dashed_squares_mild
D:3:      layout_loops_ring, serial_shops, nicolae_shop_waterfront,
          serial_park_tiny_pond
D:4:      layout_cave_pools, overflow_temple_1_default, serial_shops,
          nicolae_diamond_shop, mainiacjoe_sewer_entry_somewhere_in_here_1,
          uniq_sigmund, uniq_grinder, uniq_pikel
D:5:      layout_loops_ring
D:6:      layout_cave_pools, mainiacjoe_overflow_catwalk, temple_pool_b
D:7:      layout_layer_cave, lemuel_doored_altar, kennysheep_generic_room_3
D:8:      layout_cave_pools, uniq_grum
D:9:      layout_gridville
D:10:     layout_basic
D:11:     layout_roguey, ebering_ghost_disaster_area,
          portal_ice_cave_demonic_guard
D:12:     minmay_the_grid_3x3 [minmay_the_grid_garden, minmay_the_grid_odd_star,
          minmay_the_grid_gridbox, minmay_the_grid_holed_spiral,
          minmay_the_grid_all_tris, minmay_the_grid_empty, minmay_the_grid_x,
          minmay_the_grid_spin_star, minmay_the_grid_prize_diamond_cup],
          layout_cave_pools, orc_0_dummy, nicolae_twisty_statue_hallways,
          uniq_azrael
D:13:     minmay_concentric_multi, layout_grid_maze, david_vaults_2,
          minmay_ruined_shrine
D:14:     layout_rooms, nicolae_wu_jian_wuxing_cycle, uniq_josephine
D:15:     hangedman_depths_entry_try_elsewhere_first, layout_cave_pools,
          chequers_serial_rivers_small_b
Lair:1:   layout_gridlike, minivault_26, st_stairs_5
Lair:2:   layout_chaotic_city, elwin_shoals_entry_stream,
          nicolae_spider_entry_orb_guardian, chequers_serial_rivers_small_b,
          lemuel_oklob_altar
Lair:3:   layout_cave_pods
Lair:4:   layout_regular_city, gammafunk_ghost_berserking_beasts
Lair:5:   hangedman_lair_in_review, layout_concentric_octagons, slime_entry_1,
          gauntlet_entry_generic
Shoals:1: layout_shoals, serial_shops, shop, uniq_louise
Shoals:2: layout_shoals, nicolae_shoals_mertower
Orc:1:    layout_caves, nicolae_alphabet_shops
Orc:2:    grunt_orc_cross, layout_caves, serial_shops, statue_bzr, shop_statue,
          shop, basic_altar

Skill      XL: |  1  2  3  4  5  6  7  8  9 10 11 12 13 14 15 16 17 |
---------------+----------------------------------------------------+-----
Axes           | 4 6 7 9 11 13 15 17 19 20 22 23 | 23.5
Fighting       | 5 6 7 8 10 11 12 14 15 16 17 | 17.5
Armour         | 4 5 |  5.1
Dodging        | 4 5 |  5.0
Evocations     | 5 6 |  6.5

Action                     |  1- 3 |  4- 6 |  7- 9 | 10-12 | 13-15 | 16-18 || total
---------------------------+-------+-------+-------+-------+-------+-------++-------
  Melee: Hand axe          |    53 |    40 |    60 |       |       |       ||   153
         Dagger            |    19 |       |       |       |       |       ||    19
         Whip              |    35 |    16 |       |       |       |       ||    51
         War axe           |       |    22 |   335 |   620 |   466 |       ||  1443
         Broad axe         |       |       |       |       |   506 |   451 ||   957
 Invoke: Berserk           |       |     3 |    10 |    23 |    20 |     4 ||    60
         Trog's Hand       |       |       |     2 |       |     2 |       ||     4
Ability: Invent Gizmo      |       |       |       |       |     1 |       ||     1
  Evoke: Wand              |       |       |       |       |    14 |       ||    14
    Use: Scroll            |       |     8 |     3 |    13 |    10 |     3 ||    37
         Potion            |       |     4 |       |       |     4 |     4 ||    12
   Stab: Sleeping          |     1 |     1 |       |       |       |       ||     2
         Distracted        |       |       |       |       |     1 |     4 ||     5
 Armour: Animal skin       |    36 |    29 |    76 |       |       |       ||   141
         Scale mail        |       |       |    38 |       |       |       ||    38
         Chain mail        |       |       |    74 |   241 |   573 |   328 ||  1216
         Skin              |       |       |     1 |       |       |       ||     1
         Ring mail         |       |       |       |    79 |       |       ||    79
  Dodge: Dodged            |    35 |    17 |   108 |   107 |   182 |   113 ||   562

Table legend: (Time is in decaauts)
 A = Elapsed time spent in this place.
 B = Non-inter-level travel time spent in this place.
 C = Inter-level travel time spent in this place.
 D = Time resting spent in this place.
 E = Time spent auto-exploring this place.
 F = Levels seen in this place.
 G = Mean time per level.
                   A        B        C        D        E       F      G
               +--------+--------+--------+--------+--------+-----+--------+
         Total |  26490 |  25212 |   1278 |   5364 |  15977 |  28 |  946.1 |
       Dungeon |  14136 |  13380 |    756 |   2562 |   8864 |  15 |  942.4 |
          Lair |   6532 |   6221 |    311 |   1118 |   4228 |   5 | 1306.4 |
        Shoals |   1585 |   1554 |     31 |    454 |    941 |   2 |  792.5 |
  Orcish Mines |   1635 |   1457 |    178 |     89 |   1120 |   2 |  817.5 |
        Bazaar |     25 |     25 |      0 |      0 |     12 |   1 |   25.0 |
         Sewer |    387 |    387 |      0 |    182 |    116 |   1 |  387.0 |
      Ice Cave |   1621 |   1621 |      0 |    941 |    392 |   1 | 1621.0 |
      Gauntlet |    565 |    565 |      0 |     16 |    302 |   1 |  565.0 |
               +--------+--------+--------+--------+--------+-----+--------+

Top non-repeatable levels by time:
    D:13: 1762 daAuts
   IceCv: 1621 daAuts
  Lair:5: 1616 daAuts
  Lair:2: 1606 daAuts
Shoals:1: 1552 daAuts
  Lair:3: 1267 daAuts
    D:12: 1186 daAuts
    D:11: 1140 daAuts
     D:4: 1073 daAuts
     D:6: 1050 daAuts
   Orc:2: 1039 daAuts
  Lair:4: 1029 daAuts
  Lair:1: 1012 daAuts
     D:9: 1009 daAuts
     D:8: 995 daAuts

Levels and vault maps discovered:
D:1:      lemuel_arrival_tunnels, layout_basic
D:2:      layout_loops_cross, st_stairs_14,
          nicolae_concentric_dashed_squares_mild
D:3:      layout_loops_ring, serial_shops, nicolae_shop_waterfront,
          serial_park_tiny_pond
D:4:      layout_cave_pools, overflow_temple_1_default, serial_shops,
          nicolae_diamond_shop, mainiacjoe_sewer_entry_somewhere_in_here_1,
          uniq_sigmund, uniq_grinder, uniq_pikel
D:5:      layout_loops_ring
D:6:      layout_cave_pools, mainiacjoe_overflow_catwalk, temple_pool_b
D:7:      layout_layer_cave, lemuel_doored_altar, kennysheep_generic_room_3
D:8:      layout_cave_pools, uniq_grum
D:9:      layout_gridville
D:10:     layout_basic
D:11:     layout_roguey, ebering_ghost_disaster_area,
          portal_ice_cave_demonic_guard
D:12:     minmay_the_grid_3x3 [minmay_the_grid_garden, minmay_the_grid_odd_star,
          minmay_the_grid_gridbox, minmay_the_grid_holed_spiral,
          minmay_the_grid_all_tris, minmay_the_grid_empty, minmay_the_grid_x,
          minmay_the_grid_spin_star, minmay_the_grid_prize_diamond_cup],
          layout_cave_pools, orc_0_dummy, nicolae_twisty_statue_hallways,
          uniq_azrael
D:13:     minmay_concentric_multi, layout_grid_maze, david_vaults_2,
          minmay_ruined_shrine
D:14:     layout_rooms, nicolae_wu_jian_wuxing_cycle, uniq_josephine
D:15:     hangedman_depths_entry_try_elsewhere_first, layout_cave_pools,
          chequers_serial_rivers_small_b
Lair:1:   layout_gridlike, minivault_26, st_stairs_5
Lair:2:   layout_chaotic_city, elwin_shoals_entry_stream,
          nicolae_spider_entry_orb_guardian, chequers_serial_rivers_small_b,
          lemuel_oklob_altar
Lair:3:   layout_cave_pods
Lair:4:   layout_regular_city, gammafunk_ghost_berserking_beasts
Lair:5:   hangedman_lair_in_review, layout_concentric_octagons, slime_entry_1,
          gauntlet_entry_generic
Shoals:1: layout_shoals, serial_shops, shop, uniq_louise
Shoals:2: layout_shoals, nicolae_shoals_mertower
Orc:1:    layout_caves, nicolae_alphabet_shops
Orc:2:    grunt_orc_cross, layout_caves, serial_shops, statue_bzr, shop_statue,
          shop, basic_altar

Table legend: (Time is in decaauts)
 A = Elapsed time spent in this place.
 B = Non-inter-level travel time spent in this place.
 C = Inter-level travel time spent in this place.
 D = Time resting spent in this place.
 E = Time spent auto-exploring this place.
 F = Levels seen in this place.
 G = Mean time per level.
                   A        B        C        D        E       F      G
               +--------+--------+--------+--------+--------+-----+--------+
         Total |  26490 |  25212 |   1278 |   5364 |  15977 |  28 |  946.1 |
       Dungeon |  14136 |  13380 |    756 |   2562 |   8864 |  15 |  942.4 |
          Lair |   6532 |   6221 |    311 |   1118 |   4228 |   5 | 1306.4 |
        Shoals |   1585 |   1554 |     31 |    454 |    941 |   2 |  792.5 |
  Orcish Mines |   1635 |   1457 |    178 |     89 |   1120 |   2 |  817.5 |
        Bazaar |     25 |     25 |      0 |      0 |     12 |   1 |   25.0 |
         Sewer |    387 |    387 |      0 |    182 |    116 |   1 |  387.0 |
      Ice Cave |   1621 |   1621 |      0 |    941 |    392 |   1 | 1621.0 |
      Gauntlet |    565 |    565 |      0 |     16 |    302 |   1 |  565.0 |
               +--------+--------+--------+--------+--------+-----+--------+

Top non-repeatable levels by time:
    D:13: 1762 daAuts
   IceCv: 1621 daAuts
  Lair:5: 1616 daAuts
  Lair:2: 1606 daAuts
Shoals:1: 1552 daAuts
  Lair:3: 1267 daAuts
    D:12: 1186 daAuts
    D:11: 1140 daAuts
     D:4: 1073 daAuts
     D:6: 1050 daAuts
   Orc:2: 1039 daAuts
  Lair:4: 1029 daAuts
  Lair:1: 1012 daAuts
     D:9: 1009 daAuts
     D:8: 995 daAuts

Table legend:
 A = Kills in this place as a percentage of kills in the entire game.
 B = Kills by you in this place as a percentage of kills by you in the entire game.
 C = Kills by friends in this place as a percentage of kills by friends in the entire game.
 D = Other kills in this place as a percentage of other kills in the entire game.
 E = Experience gained in this place as a percentage of experience gained in the entire game.
 F = Experience gained in this place divided by the number of levels of this place that you have seen.
                   A       B       C       D       E      F
               +-------+-------+-------+-------+-------+----------------------
         Total | 100.0 | 100.0 | 100.0 |   N/A | 100.0 | 7286.2
       Dungeon |  51.5 |  51.6 |  48.0 |   N/A |  43.9 | 5974.2
          Lair |  23.1 |  23.5 |  12.0 |   N/A |  29.9 | 12200.4
        Shoals |   4.5 |   4.7 |   0.0 |   N/A |   9.0 | 9148.0
  Orcish Mines |  13.5 |  12.6 |  40.0 |   N/A |   8.7 | 8904.5
         Sewer |   1.4 |   1.5 |   0.0 |   N/A |   0.1 | 124.0
      Ice Cave |   4.5 |   4.7 |   0.0 |   N/A |   6.0 | 12246.0
      Gauntlet |   1.4 |   1.5 |   0.0 |   N/A |   2.4 | 4923.0
               +-------+-------+-------+-------+-------+----------------------
